 Dungeon Crawl Stone Soup version 0.22.1-2-g9c5b331 (webtiles) character file.

77 delarado the Firebug (level 4, -18/24 HPs)
             Began as a Deep Elf Fire Elementalist on Dec 31, 2018.
             Blown up by Ijyb (21 damage)
             ... with a wand of disintegration (8)
             ... on level 3 of the Dungeon.
             The game lasted 00:07:15 (2778 turns).

delarado the Firebug (Deep Elf Fire Elementalist)   Turns: 2778, Time: 00:07:15

Health: -18/24     AC:  3    Str:  5    XL:     4   Next: 13%
Magic:  1/10       EV: 13    Int: 21    God:
Gold:   96         SH:  0    Dex: 15    Spells: 4/9 levels left

rFire    . . .     SeeInvis .   n - +1 dagger (elec)
rCold    . . .     Gourm    .   (no shield)
rNeg     . . .     Faith    .   a - +0 robe
rPois    .         Spirit   .   (no helmet)
rElec    .         Reflect  .   (no cloak)
rCorr    .         Harm     .   s - +0 pair of gloves
MR       .....                  (no boots)
Stlth    ++........             (no amulet)
HPRegen  0.08/turn              (no ring)
MPRegen  0.12/turn              (no ring)

@: very slightly contaminated
A: no striking features
a: no special abilities


You were on level 3 of the Dungeon.
You were not hungry.

You visited 1 branch of the dungeon, and saw 3 of its levels.

You collected 96 gold pieces.

Inventory:

Hand Weapons
 d - a -3 whip
 g - a +1 dagger of freezing
 n - a +1 dagger of electrocution (weapon)
Missiles
 i - 13 stones
 k - 6 javelins (quivered)
Armour
 a - a +0 robe (worn)
 s - a +0 pair of gloves (worn)
Scrolls
 e - a scroll of magic mapping {unknown}
 m - a scroll of amnesia
 o - a scroll of teleportation
 q - a scroll of immolation {unknown}
Potions
 b - a potion of might {unknown}
 f - 2 potions of agility {unknown}
 h - a potion of curing {unknown}
 j - a potion of degeneration
 r - a potion of magic {unknown}
Comestibles
 c - 2 rations
 l - a chunk of flesh


   Skills:
 - Level 2.4 Dodging
 - Level 2.4 Stealth
 - Level 3.0 Spellcasting
 + Level 3.2 Conjurations
 + Level 4.5 Fire Magic


You had 4 spell levels left.
You knew the following spells:

 Your Spells              Type           Power        Failure   Level  Hunger
a - Throw Flame           Conj/Fire      ###...       4%          2    ##.....
b - Conjure Flame         Conj/Fire      ###.....     9%          3    ###....

Your spell library contained the following spells:

 Spells                   Type           Power        Failure   Level  Hunger
 Flame Tongue             Conj/Fire      ###..        2%          1    None
 Inner Flame              Hex/Fire       ##......     16%         3    ###....
 Sticky Flame             Conj/Fire      ###.....     26%         4    ####...
 Fireball                 Conj/Fire      ###.......   58%         5    ######.


Dungeon Overview and Level Annotations

Branches:
Dungeon (3/15)

Altars:
Gozag

Annotations:
D:3 Ijyb


Message History

Okay, then.
Casting: Conjure Flame (safe; 9% risk of failure)
Confirm with . or Enter, or press ? or * to list all spells.
Aiming: Throw Flame (safe; 4% risk of failure)
Press: ? - help, Shift-Dir - straight line, f - Ijyb
Aim: Ijyb, wielding a club, wearing a runed ring mail and carrying a wand of The puff of flame hits Ijyb.
Ijyb appears unharmed.
Ijyb shouts!
Casting: Throw Flame (safe; 4% risk of failure)
Confirm with . or Enter, or press ? or * to list all spells.
Aiming: Throw Flame (safe; 4% risk of failure)
Press: ? - help, Shift-Dir - straight line, f/p - Ijyb
Aim: Ijyb, wielding a club, wearing a runed ring mail and carrying a wand of The puff of flame hits Ijyb.
Ijyb appears unharmed.
Ijyb zaps a wand.
You are blasted!
Ouch! That really hurt!
* * * LOW HITPOINT WARNING * * *
Ijyb zaps a wand.
You are blasted!
Ouch! That really hurt!
You die...

?....†............<..##...
.......###.###............
..(...# .....##.....###...
......# 8...8.#....#### .
..<...# ......#.......####
...#......_..............#
......#.......#.......####
......# 8...8.#........>..
......# ....##.@.....####
....... #.###..#####....
.......# #.......# ####
.......# #...##........
##.. ###...##. ... ##.#
.g.. ... .... ##. ....


You could see Ijyb.

Vanquished Creatures
  3 adders
  An ooze (D:2)
  2 dart slugs (D:1)
  2 leopard geckos (D:1)
  3 giant cockroaches
  7 goblins
  5 hobgoblins
  4 kobolds
  A quokka (D:3)
  A ball python (D:2)
  2 bats
  6 frilled lizards
  4 rats
41 creatures vanquished.

Notes
Turn   | Place    | Note
-------+----------+-------------------------------------------
     0 | D:1      | delarado the Deep Elf Fire Elementalist began the quest for
                  | the Orb.
     0 | D:1      | Reached XP level 1. HP: 10/10 MP: 6/6
   287 | D:1      | Reached XP level 2. HP: 15/15 MP: 5/8
   908 | D:1      | Reached skill level 4 in Fire Magic
  1247 | D:1      | Learned a level 2 spell: Throw Flame
  1249 | D:2      | Reached XP level 3. HP: 19/19 MP: 6/9
  2289 | D:2      | Learned a level 3 spell: Conjure Flame
  2303 | D:3      | Reached XP level 4. HP: 24/24 MP: 5/10
  2304 | D:3      | Found an opulent altar of Gozag.
  2305 | D:3      | Noticed Ijyb
  2778 | D:3      | Blown up by Ijyb

Skill      XL: |  1  2  3 |
---------------+----------+-----
Conjurations   | 2 3 |  3.2
Fire Magic     | 4 |  4.5
Dodging        | |  2.4
Stealth        | |  2.4
Spellcasting   | |  3.0

Action                   |  1- 3 |  4- 6 || total
-------------------------+-------+-------++-------
Melee: Dagger            |       |     1 ||     1
Throw: Javelin           |    10 |       ||    10
       Stone             |     8 |       ||     8
 Cast: Flame Tongue      |    32 |       ||    32
       Throw Flame       |    25 |    12 ||    37
  Use: Scroll            |     5 |       ||     5
  Eat: Chunk             |     5 |     2 ||     7
Armor: Robe              |     3 |       ||     3
Dodge: Dodged            |     4 |       ||     4
